 Dungeon Crawl Stone Soup version 0.20.0-7-g3b7b877 (webtiles) character file.

11221 Fenrisulfr the Unseen (level 12, -6/77 HPs)
             Began as a Kobold Monk on May 28, 2017.
             Was the Champion of Ru.
             Engulfed by a cloud of flame (19 damage)
             ... in a volcano.
             The game lasted 01:09:51 (13572 turns).

Fenrisulfr the Unseen (Kobold Monk)                Turns: 13572, Time: 01:09:51

Health: -6/77      AC:  9    Str:  5 (8)  XL:     12   Next: 5%
Magic:  12/12      EV: 25    Int: 13      God:    Ru [******]
Gold:   470        SH:  0    Dex: 23      Spells: 11/11 levels left

rFire    . . .     SeeInvis .   m - +7 dagger
rCold    . . .     Gourm    .   (shield unavailable)
rNeg     . . .     Faith    .   b - +0 robe
rPois    .         Spirit   .   r - +1 hat
rElec    .         Reflect  .   (no cloak)
rCorr    .         Harm     .   i - +1 pair of gloves
MR       .....     Rnd*Rage +   f - +2 pair of boots
Stlth    ++........             (no amulet)
Regen    0.3/turn               (ring unavailable)
MPRegen  0.2/turn               (no ring)

@: confused, drained
A: antennae 1, berserk 1, carnivore 3, clever 1, shaggy fur 1, missing a hand,
no charms magic, no earth magic, no hexes magic, magic vulnerability 1,
inexperienced 1
a: Draw Out Power, Power Leap, Apocalypse, Renounce Religion


You were in a volcano.
You worshipped Ru.
Ru was exalted by your worship.
You were very full.

You visited 2 branches of the dungeon, and saw 11 of its levels.
You also visited: Volcano.

You collected 470 gold pieces.

Inventory:

Hand Weapons
 d - a +3 scimitar of flaming
 m - a +7 dagger (weapon)
Armour
 b - a +0 robe (worn)
 f - a +2 pair of boots (worn)
 i - a +1 pair of gloves (worn)
 r - a +1 hat (worn)
Wands
 w - a wand of digging (3/24)
Scrolls
 a - 3 scrolls of identify
 p - 9 scrolls of remove curse
Potions
 e - a potion of brilliance {unknown}
 o - 2 potions of might
 s - a potion of flight {unknown}
 u - a potion of resistance {unknown}
 v - a potion of berserk rage {unknown}
Comestibles
 c - 4 meat rations
 l - 11 royal jellies


   Skills:
 + Level 10.0 Fighting
 + Level 11.6 Short Blades
 + Level 10.7 Dodging
 + Level 15.3 Stealth


You had 11 spell levels left.
You didn't know any spells.

Dungeon Overview and Level Annotations

Branches:
Dungeon (10/15)            Temple (0/1) D:7            Lair (1/6) D:10
    Orc: D:9-12

Altars:
Ashenzari
Cheibriados
Dithmenos
Elyvilon
Fedhas
Gozag
Kikubaaqudgha
Makhleb
Qazlal
Ru
Trog
Uskayaw
Xom
The Shining One

Shops:
D:3 *


Innate Abilities, Weirdness & Mutations

You are small and have problems with some larger weapons.
You are carnivorous and can eat meat at any time.
You are missing a hand.
You cannot study or cast Charms magic.
You cannot study or cast Earth magic.
You cannot study or cast Hexes magic.
You are slightly vulnerable to magic. (MR-)
You are somewhat inexperienced. (-2 XL)
You have a pair of small antennae on your head.
You tend to lose your temper in combat.
Your mind is acute. (Int +2)
You are covered in fur. (AC +1)


Message History

You are engulfed in blazing flames.
The lava snake spits lava at you. The glob of lava misses you.
You are engulfed in blazing flames.
* * * LOW HITPOINT WARNING * * *
The lava snake begins to attack, but is stunned by your will!
The lava snake spits lava at you. The glob of lava misses you.
The lava snake spits lava at you. The glob of lava misses you.
The lava snake begins to attack, but is stunned by your will!
You start resting.
The air gets thick with the scent of sulphur.
You start resting.
The volcano roars to life, belching forth lava!
You are engulfed in blazing flames.
* * * LOW HITPOINT WARNING * * *
You are confused.
You feel invigorated.
You are engulfed in blazing flames.
You die...

### ### #§### ###.#########
######§§@###.....##....#
#.§§§§####....#........#.
##.§§.....................
###.§.......................
###..§..........b§§§§...§.....
####...§..§.≈≈≈≈≈≈§S≈§§§≈§≈≈§§≈§≈
#......§.§≈≈§§§≈§§≈≈§§§≈§≈≈≈≈≈≈§§
...§...§≈§≈§§≈§≈≈§§≈§§§≈≈≈§≈§§≈§§
...≈§≈§§§§≈§§§§§§§§≈§§§§≈§≈§≈§§≈≈


There were no monsters in sight!

Vanquished Creatures
  Erica (D:9)
  The ghost of djent the Fighter, a novice MiFi of Ru (D:9)
  2 two-headed ogres
  2 death yaks (D:10)
  Pikel (D:9)
  A komodo dragon (Lair:1)
  A queen bee (D:8)
  3 hippogriffs
  Sigmund (D:2)
  A wyvern (D:10)
  A hungry ghost (D:8)
  2 porcupines (Lair:1)
  A water moccasin (D:10)
  2 sky beasts (D:8)
  2 black bears (D:9)
  Purgy (D:3)
  4 orc warriors
  2 phantoms
  9 centaurs
  3 ogres
  A crocodile (D:10)
  A big kobold (D:8)
  5 bullfrogs
  A wyvern zombie (D:10)
  A scorpion (D:4)
  21 killer bees
  3 crimson imps
  4 howler monkeys
  2 lava snakes (Volcano)
  A centaur zombie (D:5)
  9 orc wizards
  7 hounds
  2 centaur skeletons
  9 orc priests
  A bullfrog skeleton (D:9)
  Terence (D:3)
  3 iguanas
  2 hell rats (D:10)
  A killer bee zombie (D:5)
  6 worker ants
  A hound skeleton (D:4)
  A worker ant zombie (D:5)
  8 gnolls
  8 adders
  3 shadow imps (D:5)
  An ooze (D:5)
  4 worms
  5 dart slugs
  3 leopard geckos
  33 orcs
  2 ball pythons
  5 bats
  4 giant cockroaches
  5 goblins
  6 hobgoblins
  6 jackals
  29 kobolds
  4 quokkas
  3 frilled lizards
  A leopard gecko skeleton (D:9)
  2 quokka skeletons
  A quokka zombie (D:3)
  8 rats
  A plant (D:8)
266 creatures vanquished.

Vanquished Creatures (others)
  A death yak (D:10)
  A hippogriff (Lair:1)
  4 slaves (D:9)
  A bullfrog (D:9)
  3 killer bees
  An orc (D:9)
11 creatures vanquished.

Grand Total: 277 creatures vanquished

Notes
Turn   | Place    | Note
-------+----------+-------------------------------------------
     0 | D:1      | Fenrisulfr the Kobold Monk began the quest for the Orb.
     0 | D:1      | Reached XP level 1. HP: 14/14 MP: 1/1
    68 | D:1      | Reached skill level 3 in Stealth
    84 | D:1      | Reached XP level 2. HP: 16/19 MP: 2/2
   440 | D:1      | Reached XP level 3. HP: 23/23 MP: 3/3
   500 | D:1      | Reached skill level 4 in Stealth
  1173 | D:2      | Found a stormy altar of Qazlal.
  1230 | D:2      | Found an ancient bone altar of Kikubaaqudgha.
  1363 | D:2      | Noticed Sigmund
  1490 | D:2      | Killed Sigmund
  1490 | D:2      | Reached skill level 6 in Stealth
  1490 | D:2      | Reached XP level 4. HP: 29/29 MP: 4/4
  1490 | D:2      | Reached XP level 5. HP: 33/33 MP: 5/5
  1490 | D:2      | Reached XP level 6. HP: 38/38 MP: 6/6
  1698 | D:3      | Reached skill level 5 in Short Blades
  1806 | D:3      | Found a hide-covered altar of Uskayaw.
  1808 | D:3      | Noticed a hand axe
  1808 | D:3      | Noticed a hand axe
  1837 | D:3      | Found a sacrificial altar of Ru.
  1845 | D:3      | Found a bloodstained altar of Trog.
  1862 | D:3      | Became a worshipper of Ru the Awakened
  1864 | D:3      | Gained mutation: You cannot study or cast Earth magic. [Ru sacrifice]
  1864 | D:3      | Gained mutation: You cannot study or cast Hexes magic. [Ru sacrifice]
  1864 | D:3      | Gained mutation: You cannot study or cast Charms magic. [Ru sacrifice]
  1864 | D:3      | Reached * piety under Ru
  1905 | D:3      | Noticed Purgy
  1939 | D:3      | Killed Purgy
  2015 | D:3      | Found Gozag's Platinum Reserve.
  2023 | D:3      | Reached skill level 5 in Dodging
  2032 | D:3      | Found a burning altar of Makhleb.
  2042 | D:3      | Noticed Terence
  2045 | D:3      | Reached XP level 7. HP: 39/44 MP: 7/7
  2096 | D:3      | Killed Terence
  2096 | D:3      | Reached skill level 7 in Stealth
  2302 | D:3      | Found an opulent altar of Gozag.
  2750 | D:4      | Found a shimmering altar of Xom.
  2797 | D:4      | Reached skill level 5 in Fighting
  3166 | D:4      | Found a snail-covered altar of Cheibriados.
  3283 | D:5      | Entered Level 5 of the Dungeon
  3369 | D:5      | Reached XP level 8. HP: 31/49 MP: 8/8
  3392 | D:5      | Reached skill level 8 in Stealth
  4037 | D:5      | Reached skill level 9 in Stealth
  4129 | D:5      | Found a shadowy altar of Dithmenos.
  4401 | D:6      | Gained mutation: You are somewhat inexperienced. (-2 XL) [Ru sacrifice]
  4401 | D:6      | Reached XP level 7. HP: 45/45 MP: 7/7
  4401 | D:6      | Reached XP level 6. HP: 41/41 MP: 6/6
  4401 | D:6      | Reached ** piety under Ru
  4401 | D:6      | Reached *** piety under Ru
  4496 | D:6      | Found a white marble altar of Elyvilon.
  4944 | D:6      | Reached XP level 7. HP: 24/45 MP: 7/7
  5397 | D:7      | Found a shattered altar of Ashenzari.
  5577 | D:7      | Noticed a hippogriff
  5776 | D:7      | Killed a hippogriff
  5776 | D:7      | Reached skill level 10 in Stealth
  5776 | D:7      | Reached XP level 8. HP: 30/52 MP: 8/8
  6520 | D:7      | Found a staircase to the Ecumenical Temple.
  6541 | D:7      | Gained mutation: You are missing a hand. [Ru sacrifice]
  6541 | D:7      | Reached **** piety under Ru
  6541 | D:7      | Reached ***** piety under Ru
  6699 | D:8      | Reached skill level 11 in Stealth
  6755 | D:8      | Noticed a hippogriff
  6762 | D:8      | Killed a hippogriff
  6762 | D:8      | Reached XP level 9. HP: 57/57 MP: 9/9
  7173 | D:8      | Reached skill level 12 in Stealth
  7386 | D:8      | Noticed a queen bee
  7535 | D:7      | Reached XP level 10. HP: 35/64 MP: 10/10
  8164 | D:8      | Noticed a two-headed ogre
  8186 | D:8      | Killed a two-headed ogre
  8186 | D:8      | Reached skill level 13 in Stealth
  8560 | D:8      | Gained mutation: You are slightly vulnerable to magic. (MR-) [Ru sacrifice]
  8560 | D:8      | Reached ****** piety under Ru
  8715 | D:8      | Found a blossoming altar of Fedhas.
  9111 | D:9      | Noticed Pikel
  9166 | D:9      | Killed Pikel
  9166 | D:9      | Reached skill level 10 in Short Blades
  9247 | D:9      | Reached skill level 14 in Stealth
  9535 | D:9      | Noticed Erica
  9581 | D:9      | Killed Erica
  9581 | D:9      | Reached XP level 11. HP: 15/69 MP: 11/11
 10082 | D:9      | Noticed a two-headed ogre
 10115 | D:9      | HP: 2/69 [two-headed ogre/giant spiked club (21)]
 10685 | D:9      | Noticed djent's ghost (novice MiFi)
 10721 | D:9      | Killed a two-headed ogre
 10775 | D:9      | Killed djent's ghost
 10986 | D:10     | Entered Level 10 of the Dungeon
 11015 | D:10     | Noticed a death yak
 11064 | D:10     | Found a glowing golden altar of the Shining One.
 11173 | D:10     | Reached skill level 10 in Dodging
 11223 | D:10     | Noticed a death yak
 11229 | D:10     | Found a staircase to the Lair.
 11229 | D:10     | Noticed a death yak
 11626 | D:9      | Gained mutation: You do not regenerate when monsters are visible. [potion of mutation]
 11626 | D:9      | Gained mutation: Your mind is acute. (Int +2) [potion of mutation]
 11626 | D:9      | Gained mutation: Your spells are a little harder to cast, but a little more powerful. [potion of mutation]
 11963 | D:9      | Lost mutation: Your spells are a little harder to cast, but a little more powerful. [potion of mutation]
 11963 | D:9      | Lost mutation: Your mind is acute. (Int +2) [potion of mutation]
 11963 | D:9      | Lost mutation: You do not regenerate when monsters are visible. [potion of mutation]
 11963 | D:9      | Gained mutation: Your spells are a little easier to cast, but a little less powerful. [potion of mutation]
 11963 | D:9      | Gained mutation: Potions are less effective at restoring your health. [potion of mutation]
 11963 | D:9      | Gained mutation: You are frail. (-10% HP) [potion of mutation]
 11963 | D:9      | Lost mutation: Your spells are a little easier to cast, but a little less powerful. [potion of mutation]
 11964 | D:9      | Lost mutation: You are frail. (-10% HP) [potion of mutation]
 11964 | D:9      | Lost mutation: Potions are less effective at restoring your health. [potion of mutation]
 11964 | D:9      | Gained mutation: You are covered in fur. (AC +1) [potion of mutation]
 11964 | D:9      | Gained mutation: You have a pair of small horns on your head. [potion of mutation]
 11964 | D:9      | Gained mutation: Your spells are a little harder to cast, but a little more powerful. [potion of mutation]
 12161 | D:10     | Lost mutation: You have a pair of small horns on your head. [potion of mutation]
 12161 | D:10     | Lost mutation: Your spells are a little harder to cast, but a little more powerful. [potion of mutation]
 12161 | D:10     | Gained mutation: You have a pair of small antennae on your head. [potion of mutation]
 12161 | D:10     | Gained mutation: You tend to lose your temper in combat. [potion of mutation]
 12161 | D:10     | Gained mutation: Your mind is acute. (Int +2) [potion of mutation]
 12265 | D:10     | Killed a death yak
 12265 | D:10     | Reached skill level 15 in Stealth
 12301 | D:10     | Killed a death yak
 12335 | D:10     | Killed a death yak
 12585 | Lair:1   | Entered Level 1 of the Lair of Beasts
 12699 | Lair:1   | Found a dark tunnel.
 12736 | Lair:1   | Reached skill level 10 in Fighting
 12736 | Lair:1   | Reached XP level 12. HP: 32/77 MP: 12/12
 12984 | Volcano  | Entered a volcano
 13572 | Volcano  | Engulfed by a cloud of flame

Skill      XL: |  1  2  3  4  5  6  7  8  9 10 11 |
---------------+----------------------------------+-----
Stealth        | 3 6 10 11 12 14 15 | 15.3
Dodging        | 4 5 7 8 9 10 | 10.7
Fighting       | 4 6 7 8 10 | 10.0
Short Blades   | 7 6 8 9 10 11 | 11.6

Action                   |  1- 3 |  4- 6 |  7- 9 | 10-12 || total
-------------------------+-------+-------+-------+-------++-------
Melee: Short sword       |   112 |       |       |       ||   112
       Dagger            |   108 |    74 |   539 |   663 ||  1384
Invok: Sacrifice Arcana  |       |     1 |       |       ||     1
       Sacrifice Experie |       |     1 |       |       ||     1
       Sacrifice a Hand  |       |       |     1 |       ||     1
       Power Leap        |       |       |     2 |       ||     2
       Draw Out Power    |       |       |       |     6 ||     6
       Sacrifice Essence |       |       |       |     1 ||     1
  Use: Scroll            |     7 |       |     9 |    11 ||    27
       Potion            |     2 |     1 |    12 |    12 ||    27
 Stab: Sleeping          |     1 |     5 |    28 |    13 ||    47
       Invisible         |       |       |     1 |     3 ||     4
       Distracted        |       |       |     2 |     3 ||     5
       Paralysed         |       |       |       |     3 ||     3
  Eat: Chunk             |    10 |     5 |    17 |    18 ||    50
Armor: Robe              |    39 |    10 |    34 |    19 ||   102
       Skin              |       |       |    15 |       ||    15
Dodge: Dodged            |   159 |    56 |   359 |   335 ||   909
